 Dungeon Crawl Stone Soup version 0.32-a0-485-g70f7560b1c (webtiles) character file.

Game seed: 1128552368490477782

131 ytrimaz the Trooper (level 5, -5/54 HPs)
             Began as a Coglin Fighter on Feb 27, 2024.
             Was a Priest of Jiyva.
             Slain by a hornet (11 damage)
             ... on level 5 of the Dungeon.
             The game lasted 00:02:07 (2078 turns).

ytrimaz the Trooper (Coglin Fighter)                Turns: 2078, Time: 00:02:08

Health: -5/54      AC:  7    Str: 18    XL:     5   Next: 14%
Magic:  5/5        EV:  9    Int:  7    God:    Jiyva [***...]
Gold:   85         SH:  4    Dex: 14    Spells: 4/4 levels left

rFire   . . .        a - +0 war axe {Sanghe}
rCold   . . .        c - +0 buckler
rNeg    . . .        b - +0 scale mail
rPois   .            (no helmet)
rElec   .            (no cloak)
rCorr   +            (no gloves)
SInv    .            (no boots)
Will    +....        (no amulet) Stlth
                     (ring unavailable)
HPRegen 1.41/turn    (ring unavailable)
MPRegen 0.65/turn

%: no passive effects
@: mighty, lethally poisoned (-5 -> -6), enlightened, flying, hasted and slowed,
revved
A: off-hand wielding, slow wielding, warmup strikes, no rings, robust 3, acidic
bite
a: Renounce Religion, Oozemancy


You were on level 5 of the Dungeon.
You worshipped Jiyva.
Jiyva was most pleased with you.
You visited 1 branch of the dungeon, and saw 4 of its levels.

You collected 85 gold pieces.


Innate Abilities, Weirdness & Mutations

You can wield a second weapon in your off-hand.
It takes a long time for you to wield or remove held weapons.
Your first few attacks do less damage.
Your grasper-arms cannot wear rings.
You are extremely robust. (+30% HP)
You have acidic saliva.


   Skills:
 + Level 4.1 Fighting
 + Level 3.3 Axes
 + Level 3.7 Armour
 - Level 2.1 Shields


You had 4 spell levels left.
You didn't know any spells.
Your spell library contained the following spells:

 Spells                   Type           Power      Damage    Failure   Level
 Mercury Vapours          Alch/Air       0%         N/A       95%         2
 Mephitic Cloud           Conj/Alch/Air  0%         N/A       99%         3
 Freezing Cloud           Conj/Ice/Air   0%         6-21      100%        5

Inventory:

Hand Weapons
 a - a +0 war axe (weapon) {Sanghe}
Armour
 b - a +0 scale mail (worn)
 c - a +0 buckler (worn)
 h - a +0 plate armour
   (You found it on level 2 of the Dungeon)
Scrolls
 e - 4 scrolls of identify {unknown}
 f - 3 scrolls of enchant weapon {unknown}
Potions
 j - a potion of lignification {unknown}
 k - a potion of berserk rage {unknown}
 l - a potion of cancellation {unknown}
 m - a potion of heal wounds {unknown}

Dungeon Overview and Level Annotations

Branches:
Dungeon (3/15) Zot: 21871

Altars:
Vehumet
Wu Jian
Yredelemnul
The Shining One
Jiyva

Annotations:
D:5 Grinder

..........
#.........
#.........
#...5y.y..
#^........
#.........
#.# #y#
#@#
#.#####.#
#.......#
#########


You could see Grinder and a hornet.


Message History

You can now call acidic ooze from nearby walls.
You hear a distant slurping noise.
Key pressed, stopping explore.
Jiyva says: Divide and consume!
You now have 85 gold pieces (gained 8).
m - a fuming blue potion Jiyva alters your body.
You feel robust. x3; Acid begins to drip from your mouth. 😕 HP[+2]
You now have 54 max hp (+12).
You regained 2 hp, and now have 44/54 hp.
Key pressed, stopping explore.
Found a stone staircase leading down. 😎 HP[+10]
Your hp is fully restored (54).
You swap places.
Key pressed, stopping explore.
You hear a splatter.
You swap places.
You hear a distant slurping noise.
Key pressed, stopping explore.
Key pressed, stopping explore.
A malevolent force fills the Dungeon...
You fall into a shaft and drop 2 floors!
The shaft crumbles and collapses.
Grinder comes into view.
Grinder shouts!
You hear an angry buzzing noise.
A hornet comes into view.
Grinder gestures at you.
You suddenly lose the ability to move!
You can move again.
Grinder grins, showing sharp teeth.
Grinder blinks!
Unknown command.
Grinder gestures at you.
You shrug off the repeated paralysis!
Okay, then.
Unknown command.
You feel very mighty all of a sudden.
Unknown command.
Grinder blinks!
The hornet stings you!
You are poisoned.
You suddenly lose the ability to move!
You feel very sick. The hornet stings you.
You feel yourself slow down.
You feel yourself speed up.
You feel very sick.
The hornet stings you but does no damage. x2
You can move again. 😮 HP[-16]
You take 16 damage, and now have 38/54 hp.
MASSIVE DAMAGE!! (PAUSE) It was a potion of haste.
You feel yourself speed up.
You feel sick. The hornet stings you.
You feel yourself slow down. 😮 HP[-1]
You take 1 damage, and now have 37/54 hp.
You closely miss the hornet.
You feel sick. The hornet stings you.
You feel as though you will be slow longer.
The hornet stings you.
You feel as though you will be slow longer. 😮 HP[-6]
You take 6 damage, and now have 31/54 hp.
You slash the hornet!
You feel sick. The hornet closely misses you. The hornet misses you.
Unknown command.
Unknown command.
You miss the hornet.
You feel sick. You block the hornet's attack. The hornet barely misses you.
Grinder blinks! 😮 HP[+1] Unknown command.
You hit the hornet.
You feel yourself speed up.
You feel sick. The hornet barely misses you. The hornet stings you.
You feel yourself slow down.
You closely miss the hornet.
You feel sick.
You are no longer poisoned.
The hornet stings you!
* * * LOW HITPOINT WARNING * * *
You feel as though you will be slow longer.
The hornet stings you.
* * * LOW HITPOINT WARNING * * *
You feel as though you will be slow longer. 😨 HP[-16]
You take 16 damage, and now have 16/54 hp.
MASSIVE DAMAGE!! (PAUSE)
You hit the hornet. The hornet stings you!
* * * LOW HITPOINT WARNING * * *
You are poisoned.
You feel as though you will be slow longer.
The hornet barely misses you.
The hornet stings you but does no damage. 😱 HP[-9]
You take 9 damage, and now have 7/54 hp.
It was a potion of enlightenment.
You feel very buoyant.
You fly up into the air.
You feel sick. The hornet stings you!
You die...
Jiyva sends a jelly to digest your remains.

Skill      XL: |  1  2  3  4 |
---------------+-------------+-----
Armour         | 3 |  3.7
Axes           | 3 |  3.3
Fighting       | 4 |  4.1
Shields        | |  2.1

Action                     |  1- 3 |  4- 6 || total
---------------------------+-------+-------++-------
  Melee: War axe           |    83 |    35 ||   118
    Use: Potion            |       |     3 ||     3
 Armour: Scale mail        |    72 |    43 ||   115
  Dodge: Dodged            |    51 |    23 ||    74
  Block: Buckler           |    18 |     7 ||    25

Levels and vault maps discovered:
D:1:      dpeg_arrival_stone_temple_mockup, layout_loops_ring,
          basic_ecumenical_altar, minmay_liquid_box
D:2:      layout_loops_ring, kennysheep_generic_room_12, uniq_jessica
D:3:      layout_basic, chequers_temple_overflow_statue_of_worship,
          chequers_garden
D:5:      layout_basic, lemuel_doored_altar, serial_shops, shop,
          serial_aquarium, aquarium_bridge_island_small
          [aquarium_subvault_small_open, aquarium_subvault_wall,
          aquarium_subvault_window, aquarium_subvault_bridge,
          aquarium_subvault_balcony], aquarium_bridge_square
          [aquarium_subvault_wall, aquarium_subvault_bridge,
          aquarium_subvault_wall, aquarium_subvault_bridge], aquarium_window_2,
          aquarium_window_1, aquarium_window_1, aquarium_window_corridor_2,
          aquarium_view_2f, aquarium_balcony_5b, aquarium_pool_2,
          uniq_eustachio, uniq_grinder

Notes
Turn   | Place    | Note
-------+----------+-------------------------------------------
     0 | D:1      | ytrimaz the Coglin Fighter began the quest for the Orb.
     0 | D:1      | Reached XP level 1. HP: 18/18 MP: 1/1
     0 | D:1      | magus.rc [v1.9.6]
    34 | D:1      | You pick up a book of Vapours and begin reading...
    34 | D:1      | You add the spells Mercury Vapours, Mephitic Cloud and
                  | Freezing Cloud to your library.
    65 | D:1      | Found a faded altar of an unknown god.
   122 | D:1      | Prayed at the altar of an unknown god.
   122 | D:1      | Became a worshipper of Jiyva Javekhlo the Shapeless
   122 | D:1      | Reached * piety under Jiyva
   260 | D:1      | Reached XP level 2. HP: 24/24 MP: 2/2
   602 | D:1      | Reached ** piety under Jiyva
   657 | D:1      | Reached skill level 3 in Armour
   725 | D:2      | Noticed Jessica
   728 | D:2      | Killed Jessica
   729 | D:2      | Reached XP level 3. HP: 29/29 MP: 3/3
   984 | D:2      | Reached XP level 4. HP: 27/37 MP: 4/4
   990 | D:2      | Reached skill level 3 in Axes
   993 | D:2      | HP: 5/37 [gnoll/+0 flail (5)]
  1040 | D:1      | HP: 7/37 [gnoll/+0 flail (10)]
  1602 | D:3      | Found a glowing golden altar of the Shining One.
  1611 | D:3      | Found a radiant altar of Vehumet.
  1611 | D:3      | Found an ornate altar of the Wu Jian Council.
  1611 | D:3      | Found a basalt altar of Yredelemnul.
  1758 | D:3      | Reached skill level 4 in Fighting
  1758 | D:3      | Reached XP level 5. HP: 39/42 MP: 5/5
  1785 | D:3      | Reached *** piety under Jiyva
  1872 | D:3      | Gained mutation: You are robust. (+10% HP) [Jiyva's grace]
  1872 | D:3      | Gained mutation: You are very robust. (+20% HP) [Jiyva's
                  | grace]
  1872 | D:3      | Gained mutation: You are extremely robust. (+30% HP)
                  | [Jiyva's grace]
  1872 | D:3      | Gained mutation: You have acidic saliva. [Jiyva's grace]
  2056 | D:3      | You fall into a shaft and drop 2 floors!
  2056 | D:5      | Entered Level 5 of the Dungeon
  2062 | D:5      | Noticed Grinder
  2062 | D:5      | Noticed a hornet
  2062 | D:5      | Paralysed by Grinder for 2 turns
  2068 | D:5      | Paralysed by a hornet for 3 turns
  2077 | D:5      | HP: 7/54 [hornet (11)]
  2078 | D:5      | Slain by a hornet

Vanquished Creatures
  A bombardier beetle (D:3)
  Jessica (D:2)
  4 gnolls
  2 adders (D:2)
  A giant cockroach (D:1)
  4 goblins
  2 hobgoblins (D:1)
  A quokka (D:1)
  2 bats
  3 frilled lizards
  4 kobolds
  A rat (D:1)
26 creatures vanquished.

Vanquished Creatures (others)
  2 adders (D:2)
  A dart slug (D:1)
  3 bats
  An endoplasm (D:1)
  3 goblins
  A ball python (D:2)
  A rat (D:3)
12 creatures vanquished.

Grand Total: 38 creatures vanquished

Table legend:
 A = Non-vault XP
 B = Vault XP
 C = Vault XP percentage of total XP
 D = Non-vault monster count
 E = Vault monster count
 F = Vault count percentage of total count
                 A         B        C        D         E       F
            +---------+---------+-------+---------+---------+-------
      Total |     151 |      37 |  19.7 |      25 |       1 |   3.8
            +---------+---------+-------+---------+---------+-------
        D:1 |      32 |       0 |   0.0 |      14 |       0 |   0.0
        D:2 |      77 |      37 |  32.5 |      10 |       1 |   9.1
        D:3 |      42 |       0 |   0.0 |       1 |       0 |   0.0
            +---------+---------+-------+---------+---------+-------

Skill      XL: |  1  2  3  4 |
---------------+-------------+-----
Armour         | 3 |  3.7
Axes           | 3 |  3.3
Fighting       | 4 |  4.1
Shields        | |  2.1

Action                     |  1- 3 |  4- 6 || total
---------------------------+-------+-------++-------
  Melee: War axe           |    83 |    35 ||   118
    Use: Potion            |       |     3 ||     3
 Armour: Scale mail        |    72 |    43 ||   115
  Dodge: Dodged            |    51 |    23 ||    74
  Block: Buckler           |    18 |     7 ||    25

Illustrated notes

Table legend:
 A = Kills in this place as a percentage of kills in the entire game.
 B = Kills by you in this place as a percentage of kills by you in the entire game.
 C = Kills by friends in this place as a percentage of kills by friends in the entire game.
 D = Other kills in this place as a percentage of other kills in the entire game.
 E = Experience gained in this place as a percentage of experience gained in the entire game.
 F = Experience gained in this place divided by the number of levels of this place that you have seen.
                   A       B       C       D       E      F
               +-------+-------+-------+-------+-------+----------------------
         Total | 100.0 | 100.0 |   N/A |   N/A | 100.0 |  47.0
       Dungeon | 100.0 | 100.0 |   N/A |   N/A | 100.0 |  47.0
               +-------+-------+-------+-------+-------+----------------------

Table legend: (Time is in decaauts)
 A = Elapsed time spent in this place.
 B = Non-inter-level travel time spent in this place.
 C = Inter-level travel time spent in this place.
 D = Time resting spent in this place.
 E = Time spent auto-exploring this place.
 F = Levels seen in this place.
 G = Mean time per level.
                   A        B        C        D        E       F      G
               +--------+--------+--------+--------+--------+-----+--------+
         Total |   2127 |   2060 |     67 |     36 |   1616 |   4 |  531.8 |
       Dungeon |   2127 |   2060 |     67 |     36 |   1616 |   4 |  531.8 |
               +--------+--------+--------+--------+--------+-----+--------+

Top non-repeatable levels by time:
     D:2: 853 daAuts
     D:1: 785 daAuts
     D:3: 464 daAuts
     D:5: 24 daAuts
